 Dungeon Crawl Stone Soup version 0.22-a0-32-ga749362 (webtiles) character file.

474 shenanigans the Slasher (level 7, 0/54 HPs)
             Began as a Barachi Skald on Jan 3, 2018.
             Slain by an ice beast (7 damage)
             ... on level 4 of the Dungeon.
             The game lasted 00:10:57 (4304 turns).

shenanigans the Slasher (Barachi Skald)             Turns: 4304, Time: 00:10:58

Health: 0/54       AC: 10    Str: 18    XL:     7   Next: 10%
Magic:  10/10      EV:  6    Int: 15    God:
Gold:   94         SH:  9    Dex: 11    Spells: 9/10 levels left

rFire    . . .     SeeInvis .   a - +0 falchion
rCold    . . .     Gourm    .   u - +0 shield
rNeg     . . .     Faith    .   f - +0 chain mail
rPois    .         Spirit   .   (no helmet)
rElec    .         Reflect  .   A - scarf {repulsion}
rCorr    .         Harm     .   k - +0 pair of gloves
MR       .....                  (no boots)
Stlth    ..........             (no amulet)
HPRegen  0.18/turn              (no ring)
MPRegen  0.12/turn              (no ring)

@: mighty, can't hop, repel missiles, slow
A: +LOS, swims, slowness 1, strong legs 1
a: Hop


You were on level 4 of the Dungeon.
You were hungry.

You visited 1 branch of the dungeon, and saw 4 of its levels.
You also visited: Sewer.

You collected 94 gold pieces.

Inventory:

Hand Weapons
 a - a +0 falchion (weapon)
 b - a +0 flail of venom
Armour
 e - a +0 ring mail
 f - a +0 chain mail (worn)
 h - a +0 buckler
 k - a +0 pair of gloves (worn)
 u - a +0 shield (worn)
 y - a +0 leather armour
 A - a scarf of repulsion (worn)
Wands
 q - a wand of digging (11)
 t - a wand of iceblast (7)
 x - a wand of enslavement (8)
Scrolls
 j - a scroll of enchant armour {unknown}
 n - 2 scrolls of teleportation
 o - 2 scrolls of magic mapping {unknown}
 p - a scroll of random uselessness {unknown}
 r - a scroll of remove curse
 s - a scroll of enchant weapon {unknown}
 v - a scroll of blinking {unknown}
 w - a scroll of amnesia {unknown}
 B - a scroll of fear {unknown}
Potions
 g - 3 potions of curing
 i - a potion of cancellation {unknown}
 l - 3 potions of flight {unknown}
 m - 2 potions of might
 z - a potion of brilliance {unknown}
 C - a potion of heal wounds {unknown}
Books
 c - a book of Battle

   Spells                             Type                      Level
   a - Infusion                       Charms                       1
   b - Shroud of Golubria             Charms/Translocation         2
   c - Song of Slaying                Charms                       2
   d - Spectral Weapon                Hexes/Charms                 3
   e - Regeneration                   Charms/Necromancy            3
 D - a book of Air

   Spells                             Type                      Level
   a - Shock                          Conjuration/Air              1
   b - Swiftness                      Charms/Air                   2
   c - Static Discharge               Conjuration/Air              3
   d - Airstrike                      Air                          4
   e - Lightning Bolt                 Conjuration/Air              5
Comestibles
 d - 6 rations


   Skills:
 + Level 4.2 Fighting
 + Level 4.2 Long Blades
 + Level 3.6 Armour
 + Level 3.7 Dodging
 * Level 4.2 Shields
 - Level 2.1 Spellcasting
 - Level 3.2 Charms


You had 9 spell levels left.
You knew the following spells:

 Your Spells              Type           Power        Failure   Level  Hunger
a - Infusion              Chrm           ##..         96%         1    #......


Dungeon Overview and Level Annotations

Branches:
Dungeon (4/15)
 Temple: D:4-7

Altars:

Annotations:
D:4 murkyfrogboy's ghost, amateur SpEn


Innate Abilities, Weirdness & Mutations

Shadows flee at your approach. (+LOS)
You can swim through water.
You cover ground slowly.
You can hop short distances.


Message History

The ice beast is moderately wounded.
The ice beast hits you but does no damage.
You hit the ice beast.
The ice beast is moderately wounded.
The ice beast hits you.
* * * LOW HITPOINT WARNING * * *
The ice beast freezes you.
* * * LOW HITPOINT WARNING * * *
Okay, then.
Hop to where?
Press: ? - help, Dir - move target cursor Boing!
You feel very mighty all of a sudden.
The ice beast hits you but does no damage.
You slash the ice beast!
The ice beast is severely wounded.
You block the ice beast's attack. The ice beast hits you.
* * * LOW HITPOINT WARNING * * *
The ice beast freezes you!
You die...

#.#.##########.≈##≈≈.≈≈#
...
#.#..)..........##≈≈.≈≈##.#
#.#.##########..≈≈≈....≈≈.#
#.#.# #..≈≈.....≈≈.###..
....#
#####.........≈≈.....#
...##
#......≈≈.....≈≈.....# ..>
#####......≈≈.....≈≈.....#
....
.........Y.##≈≈≈≈≈##...Y.#


ooo. #####.....@##≈≈≈≈≈# .....# #.. #........≈...... ....#
###.#.######.........# #.#... ####.####.. #....(.. .# ## #####.### # .. ... .##
You could see an ice beast.

Vanquished Creatures
  Purgy (Sewer)
  2 orc priests (D:3)
  4 orc wizards
  Ijyb (D:4)
  An iguana (D:4)
  A gnoll (D:1)
  5 adders
  A river rat (D:4)
  A leopard gecko (D:1)
  19 orcs
  2 ball pythons (Sewer)
  4 giant cockroaches
  17 goblins
  5 hobgoblins
  4 jackals (D:2)
  6 bats
  7 frilled lizards
  4 kobolds
  5 rats
90 creatures vanquished.

Vanquished Creatures (others)
  A bat (D:4)
1 creature vanquished.

Grand Total: 91 creatures vanquished

Notes
Turn   | Place    | Note
-------+----------+-------------------------------------------
     0 | D:1      | shenanigans the Barachi Skald began the quest for the Orb.
     0 | D:1      | Reached XP level 1. HP: 17/17 MP: 3/3
   107 | D:1      | Reached XP level 2. HP: 19/23 MP: 5/5
   465 | D:1      | Reached skill level 1 in Shields
   602 | D:1      | Reached XP level 3. HP: 26/28 MP: 6/6
  1342 | D:2      | Reached XP level 4. HP: 33/35 MP: 3/7
  2269 | D:3      | Reached XP level 5. HP: 38/41 MP: 8/8
  2942 | D:4      | Noticed Ijyb
  2952 | D:4      | Killed Ijyb
  2952 | D:4      | Reached XP level 6. HP: 48/48 MP: 9/9
  3302 | D:4      | Found a glowing drain.
  3336 | Sewer    | Entered a sewer
  3383 | Sewer    | Noticed Purgy
  3836 | Sewer    | Killed Purgy
  3836 | Sewer    | Reached XP level 7. HP: 54/54 MP: 10/10
  3995 | D:4      | Noticed murkyfrogboy's ghost (amateur SpEn)
  4066 | D:4      | Noticed a yak
  4304 | D:4      | Slain by an ice beast

Vault maps used:
D:1:      lemuel_arrival_tunnels
D:4:      wad_crossroads, first_ration, cheibrodos_sewer_entry_sluice,
          lightli_corner_chamber, uniq_ijyb
Sewer:    sewer_co_purgy_island

Skill      XL: |  1  2  3  4  5  6 |
---------------+-------------------+-----
Shields        | 1 2 3 4 |  4.2
Armour         | 2 3 |  3.6
Long Blades    | 3 4 |  4.2
Fighting       | 3 4 |  4.2
Dodging        | 3 |  3.7
Spellcasting   | |  2.1
Charms         | |  3.2

Action                   |  1- 3 |  4- 6 |  7- 9 || total
-------------------------+-------+-------+-------++-------
Melee: Falchion          |   162 |   197 |    35 ||   394
       Flail             |       |    92 |       ||    92
 Cast: Infusion          |     1 |       |       ||     1
 Abil: Hop               |     1 |     2 |     1 ||     4
Evoke: Wand              |       |     2 |     1 ||     3
  Use: Scroll            |       |     4 |     1 ||     5
       Potion            |       |     5 |     1 ||     6
  Eat: Chunk             |     2 |     7 |       ||     9
       Ration            |       |     1 |       ||     1
Armor: Ring mail         |    92 |     6 |       ||    98
       Leather armour    |     4 |       |       ||     4
       Chain mail        |       |   233 |    24 ||   257
Dodge: Dodged            |    95 |   105 |    13 ||   213
       Deflected         |       |     1 |     1 ||     2
Block: Buckler           |    24 |    45 |       ||    69
       Shield            |       |    38 |    22 ||    60
       Rpst.: Falchion   |    27 |    20 |     4 ||    51

Table legend:
 A = Spawn XP
 B = Non-spawn XP
 C = Spawn XP percentage of total XP
 D = Spawn monster count
 E = Non-spawn monster count
 F = Spawn count percentage of total count
 G = Total turns spent on level
                    A         B        C        D         E        F      G
               +---------+---------+-------+---------+---------+-------+---------
         Total |       0 |     678 |   0.0 |       0 |      90 |   0.0 |  4304
               +---------+---------+-------+---------+---------+-------+---------
           D:1 |       0 |      50 |   0.0 |       0 |      22 |   0.0 |  1050
           D:2 |       0 |      38 |   0.0 |       0 |      16 |   0.0 |   627
           D:3 |       0 |     213 |   0.0 |       0 |      30 |   0.0 |  1446
           D:4 |       0 |     239 |   0.0 |       0 |      14 |   0.0 |   526
         Sewer |       0 |     138 |   0.0 |       0 |       8 |   0.0 |   655
               +---------+---------+-------+---------+---------+-------+---------
